 Dungeon Crawl Stone Soup version 0.29.0-13-gc9e81de378 (webtiles) character file.

Game seed: 15278183168831161057

251427 ragingrage the Messiah (level 19, -1/125 HPs)
             Began as a Hill Orc Monk on Sept 10, 2022.
             Was the Champion of Beogh.
             Killed from afar by a wretched star (30 damage)
             ... with a lance of force
             ... on level 4 of the Abyss.
             The game lasted 01:07:46 (47834 turns).

ragingrage the Messiah (Hill Orc Monk)             Turns: 47834, Time: 01:07:47

Health: -1/125     AC: 23    Str: 24    XL:     19   Next: 66%
Magic:  0/26       EV: 11    Int: 15    God:    Beogh [******]
Gold:   2807       SH: 22    Dex: 13    Spells: 18/18 levels left

rFire   + . .      SeeInvis .   a - +9 broad axe (vamp)
rCold   + + .      Faith    .   A - +2 tower shield {rC+}
rNeg    . . .      Spirit   +   r - +1 plate armour of Hofugawile {rElec rF+ rC+ Will-}
rPois   +          Reflect  .   y - +0 helmet of the Jolly Nightingales {rF- Str+6 Int+4}
rElec   +          Harm     .   P - +2 cloak {Stlth+}
rCorr   .          Rampage  .   o - +0 pair of gloves
Will    .....                   F - +0 pair of boots
Stlth   +.........              e - amulet of guardian spirit
HPRegen 0.30/turn               U - ring of the Octopus King {Fly HP+2 AC+2 EV+2 SH+2}
MPRegen 0.20/turn               R - ring of Uzunyff {rElec rPois rF+ Int+5 Slay-2}

@: flying, studying Stealth
A: walk on water, [deformed body], [dopey 2], [frail 3], [low MP 2], [screaming
2], [weak 2], [subdued magic 2]
}: 2/15 runes: decaying, serpentine
a: Renounce Religion, Smiting, Recall Orcish Followers, Give Item to Named
Follower, Resurrection


You were on level 4 of the Abyss.
You worshipped Beogh.
Beogh was exalted by your worship.
You visited 6 branches of the dungeon, and saw 33 of its levels.
You visited the Abyss 2 times.
You also visited: Sewer, Ossuary, Bailey, Gauntlet and Ice Cave.

You collected 3139 gold pieces.
You spent 332 gold pieces at shops.

Inventory:

Hand Weapons
 a - a +9 vampiric broad axe (weapon)
 b - a +6 trident of flaming
 u - the +8 great mace of Unabb {vamp, rC+ Dex+3}
   (You found it in a Gauntlet)

   It occasionally heals its wielder for a portion of the damage dealt when it
   wounds a living foe.
   Dex:       It affects your dexterity (+3).
   rC:        It protects you from cold.
 W - a +2 demon trident of freezing
 X - the +6 rapier "Huphioklun" {elec, Dex+4}
   (You found it in a Gauntlet)

   It occasionally discharges a powerful burst of electricity upon striking a
   foe.
   Dex:       It affects your dexterity (+4).
Missiles
 f - 4 silver javelins
 I - 6 throwing nets
 Y - 7 curare-tipped darts (quivered)
Armour
 o - a +0 pair of gloves (worn)
 r - the +1 plate armour of Hofugawile (worn) {rElec rF+ rC+ Will-}
   (You found it on level 3 of the Swamp)

   rF:        It protects you from fire.
   rC:        It protects you from cold.
   rElec:     It insulates you from electricity.
   Will:      It decreases your willpower.
 y - the +0 helmet of the Jolly Nightingales (worn) {rF- Str+6 Int+4}
   (You found it on level 3 of the Dungeon)

   Str:       It affects your strength (+6).
   Int:       It affects your intelligence (+4).
   rF:        It makes you vulnerable to fire.
 A - a +2 tower shield of cold resistance (worn)
 F - a +0 pair of boots (worn)
 P - a +2 cloak of stealth (worn)
Jewellery
 e - an amulet of guardian spirit (around neck)
 G - a ring of see invisible
 L - the ring "Leor" {Fire Contam rN++}
   (You found it in a Gauntlet)

   [ring of fire]

   It enhances your fire magic.
   rF:        It protects you from fire.
   rC:        It makes you vulnerable to cold.
   rN:        It greatly protects you from negative energy.
   Contam:    It causes magical contamination when unequipped.
 R - the ring of Uzunyff (right hand) {rElec rPois rF+ Int+5 Slay-2}
   (You acquired it on level 4 of the Lair of Beasts)

   [ring of poison resistance]

   Int:       It affects your intelligence (+5).
   Slay:      It affects your accuracy & damage with ranged weapons and melee
   (-2).
   rF:        It protects you from fire.
   rElec:     It insulates you from electricity.
   rPois:     It protects you from poison.
 U - a ring of the Octopus King (left hand) {Fly HP+2 AC+2 EV+2 SH+2}
   (You found it on level 5 of the Lair of Beasts)

   [ring of flight]

   AC:        It affects your AC (+2).
   EV:        It affects your evasion (+2).
   HP:        It affects your health (+2).
   Fly:       It grants you flight.
   SH:        It affects your SH (+2).
 Z - a ring of protection from cold
Wands
 g - a wand of mindburst (6)
 j - a wand of digging (8)
 p - a wand of quicksilver (26)
 t - a wand of roots (19)
 B - a wand of charming (7)
 K - a wand of flame (62)
 T - a wand of polymorph (6)
Scrolls
 d - 8 scrolls of immolation
 h - 4 scrolls of enchant weapon
 i - 8 scrolls of butterflies
 w - 6 scrolls of blinking
 D - 5 scrolls of fear
 H - 5 scrolls of poison
 J - 5 scrolls of enchant armour
 M - 3 scrolls of summoning
 O - 9 scrolls of teleportation
 S - 2 scrolls of magic mapping
 V - a scroll of amnesia
Potions
 c - 4 potions of ambrosia
 k - 3 potions of might
 l - 2 potions of heal wounds
 m - 2 potions of invisibility
 n - 13 potions of mutation
 q - 7 potions of curing
 s - a potion of resistance
 v - 8 potions of lignification
 x - 6 potions of magic
 z - 5 potions of berserk rage
 C - 12 potions of haste
 N - 3 potions of attraction
 Q - 2 potions of cancellation
Miscellaneous
 E - a condenser vane


   Skills:
 + Level 17.3 Fighting
 - Level 18.0 Axes
 + Level 14.5 Armour
 + Level 9.7 Dodging
 + Level 9.1 Stealth
 + Level 13.7 Shields
 + Level 19.4 Invocations
 - Level 11.0 Evocations


You had 18 spell levels left.
You didn't know any spells.
Your spell library contained the following spells:

 Spells                   Type           Power      Damage    Failure   Level
 Apportation              Tloc           0%         N/A       100%        1
 Foxfire                  Conj/Fire      0%         2x1d4     100%        1
 Freeze                   Ice            0%         1d3       100%        1
 Magic Dart               Conj           0%         1d3       100%        1
 Necrotise                Necr           0%         1d4       100%        1
 Summon Small Mammal      Summ           0%         N/A       100%        1
 Searing Ray              Conj           0%         2d4       100%        2
 Conjure Flame            Conj/Fire      0%         6-21      100%        3
 Dazzling Flash           Conj/Hex       0%         N/A       100%        3
 Frozen Ramparts          Ice            0%         1d1       100%        3
 Ignite Poison            Fire/Tmut/Pois 0%         N/A       100%        3
 Inner Flame              Hex/Fire       0%         N/A       100%        3
 Mephitic Cloud           Conj/Pois/Air  0%         N/A       100%        3
 Portal Projectile        Hex/Tloc       0%         N/A       100%        3
 Tukima's Dance           Hex            0%         N/A       100%        3
 Vampiric Draining        Necr           0%         2d6       100%        3
 Airstrike                Air            0%         2d(0-16)  100%        4
 Anguish                  Hex/Necr       0%         N/A       100%        4
 Flame Wave               Conj/Fire      0%         2d4       100%        4
 Fulminant Prism          Conj/Hex       0%         3d6       100%        4
 Hailstorm                Conj/Ice       0%         3d3       100%        4
 Ice Form                 Ice/Tmut       0%         N/A       100%        4
 Iskenderun's Mystic Bla  Conj/Tloc      0%         2d3       100%        4
 Leda's Liquefaction      Hex/Erth       0%         N/A       100%        4
 Summon Ice Beast         Ice/Summ       0%         N/A       100%        4
 Summon Lightning Spire   Summ/Air       0%         N/A       100%        4
 Agony                    Necr           0%         N/A       100%        5
 Blade Hands              Tmut           0%         N/A       100%        5
 Freezing Cloud           Conj/Ice/Air   0%         6-21      100%        5
 Lee's Rapid Deconstruct  Erth           0%         3d5*      100%        5
 Lightning Bolt           Conj/Air       0%         1d11      100%        5
 Silence                  Hex/Air        0%         N/A       100%        5
 Summon Forest            Summ/Tloc      0%         N/A       100%        5
 Summon Mana Viper        Hex/Summ       0%         N/A       100%        5
 Eringya's Noxious Bog    Tmut/Pois      0%         N/A       100%        6
 Starburst                Conj/Fire      0%         6d3       100%        6
 Statue Form              Tmut/Erth      0%         N/A       100%        6
 Summon Cactus Giant      Summ           0%         N/A       100%        6
 Enfeeble                 Hex            0%         N/A       100%        7
 Summon Hydra             Summ           0%         N/A       100%        7


Dungeon Overview and Level Annotations

Branches:
Dungeon (15/15)            Temple (0/1) D:5            Lair (5/5) D:10
  Swamp (4/4) Lair:2        Snake (4/4) Lair:2        Slime (0/5) Lair:5
    Orc (2/2) D:11            Elf (0/3) Orc:2        Vaults (3/5) D:13
 Depths (0/4) D:15          Sewer (visited)         Ossuary (visited)
 Bailey (visited)           IceCv (visited)         Gauntlet (visited)
  Crypt: Vaults:2-3

Altars:
Ashenzari
Elyvilon
Okawaru
Trog
Zin
The Shining One
Jiyva

Shops:
D:1 [   D:6 !

Portals:
Trove: Vaults:1 (show slimy rune of Zot)

Annotations:
D:7 1 runed translucent door, Crazy Yiuf
D:8 exclusion: downstairs
Lair:1 1 runed translucent door, mdonais's ghost, journeyman OpCA
Snake:1 3 runed translucent doors


Innate Abilities, Weirdness & Mutations

You can walk on water.
[Armour fits poorly on your strangely shaped body.]
[You are very dopey. (Int -4)]
[You are extremely frail. (-30% HP)]
[Your magical capacity is very low. (-20% MP)]
[You frequently scream uncontrollably at your foes.]
[You are very weak. (Str -4)]
[Your spells are easier to cast, but less powerful.]


Message History

Beogh accepts your kill.
You slash the starcursed mass!
You destroy the starcursed mass!
Beogh accepts your kill.
You hit the wretched star but do no damage.
You hit the large abomination.
You block the large abomination's attack.
You hit the wretched star.
The wretched star is severely damaged.
You hit the large abomination.
A small abomination comes into view.
You barely miss the wretched star.
The wretched star is severely damaged.
You hit the large abomination.
A smoke demon comes into view.
You block the large abomination's attack.
You closely miss the wretched star.
The wretched star is severely damaged.
The smoke demon roars!
You hit the large abomination.
The large abomination hits you but does no damage.
You feel much better.
The wretched star glows turbulently.
The lance of force hits you!
You are knocked back by the lance of force.
You slam into the stone wall!
Unknown command.
You scream at the small abomination!
A small abomination comes into view.
You hear a hideous shriek!
You hear a shout!
The smoke demon gestures at you. Something smites you!
* * * LOW HITPOINT WARNING * * *
The large abomination hits you but does no damage.
You hit the large abomination but do no damage.
The large abomination is severely damaged.
You closely miss the wretched star.
The wretched star glows turbulently.
The lance of force hits you!!
You die...

. .## ... ..##.
. .## ..##.
#.... . ..#
..#... #..#.##.
..##[... .
...#...##.
....... .
#......##.....
.
#..#.....*....#
#.....@X3..##
#.....#.†#..#
#....##.x##..#
#..# ...#.#.#..
##
.....#.#.##.#
.....##x. . ..
. .. ..#. # .
.### ..#. ...
## .. .#


You could see a wretched star, a large abomination, a smoke demon and 2 small
abominations.

Vanquished Creatures
  Vashnia (Snake:2)
  Nikola (Swamp:2)
  Zenata (Abyss:4)
  A nagaraja (Snake:4)
  A cacodemon (Abyss:2)
  A vault warden (Vaults:1)
  An orc warlord (Bailey)
  2 ironbound preservers (Vaults:2)
  3 very ugly things
  A reaper (IceCv)
  2 dire elephants (Vaults:2)
  A bunyip (Swamp:3)
  A minotaur (Gauntlet)
  A great orb of eyes (Vaults:2)
  3 yaktaur captains (Vaults:2)
  5 hydras
  A rakshasa (Abyss:3)
  2 ghost crabs
  A spriggan skeleton (Abyss:2)
  3 alligators
  2 boulder beetles
  5 ogre magi
  A salamander tyrant (Snake:4)
  2 ironbound frosthearts
  An anaconda (Snake:3)
  6 two-headed ogres
  3 naga warriors
  A centaur warrior (Vaults:1)
  4 naga sharpshooters
  4 death yaks
  A thrashing horror (Abyss:4)
  3 shock serpents
  An orc knight (D:13)
  2 salamander mystics (Snake:4)
  10 deep trolls
  A swamp dragon (Swamp:3)
  A sea snake (Lair:5)
  A bog body (Swamp:1)
  2 goliath frogs (Swamp:1)
  A phantasmal warrior (D:11)
  2 naga ritualists
  A lindwurm (Vaults:1)
  Pikel (D:6)
  3 ironbound convokers
  5 mana vipers
  2 manticores
  5 ugly things
  A worldbinder (Abyss:4)
  Maurice (D:8)
  8 salamanders
  2 elephants (Lair:2)
  3 large abominations
  An elephant (shapeshifter) (Gauntlet)
  4 vault sentinels
  7 black mambas
  Joseph (D:10)
  11 cane toads
  A guardian serpent (Snake:3)
  2 ice statues (IceCv)
  8 naga magi
  A gargoyle (D:13)
  An unseen horror (D:11)
  3 kobold demonologists
  Psyche (D:8)
  A yaktaur (shapeshifter) (D:13)
  2 rime drakes (Lair:5)
  3 orc priests
  6 komodo dragons
  5 yaktaurs (Vaults:2)
  3 ice devils (IceCv)
  2 trolls
  2 tyrant leeches (Swamp:2)
  A meliai (shapeshifter) (Gauntlet)
  A harpy skeleton (Abyss:3)
  A wolf spider simulacrum (Gauntlet)
  A harpy zombie (Abyss:2)
  A wind drake (Lair:5)
  4 hornets
  A raiju (Abyss:4)
  3 slime creatures
  3 blink frogs
  A shadow (D:11)
  A vampire (D:9)
  4 flying skulls (Gauntlet)
  4 wyverns
  2 centaur simulacra (Gauntlet)
  Sigmund (D:6)
  3 spriggans (Swamp:3)
  21 yaks
  2 steam dragons
  A death yak simulacrum (IceCv)
  12 vampire mosquitoes
  5 swamp worms
  3 harpy simulacra
  2 small abominations (Abyss:3)
  3 acid dragons
  A hydra simulacrum (IceCv)
  25 nagas
  10 water moccasins
  3 swamp drakes
  9 orc warriors
  4 black bears
  3 sky beasts
  13 ogres
  3 boggarts (D:14)
  6 wolves
  7 centaurs
  A lemure (D:6)
  3 kobold brigands
  7 bullfrogs
  2 two-headed ogre simulacra (IceCv)
  7 water moccasin zombies (Ossuary)
  A cane toad simulacrum (IceCv)
  4 gnoll sergeants
  A scorpion (D:4)
  5 wights (D:7)
  Dowan (D:7)
  7 killer bees
  A vampire bat (D:9)
  An electric eel (Lair:5)
  3 howler monkeys
  8 hounds
  17 starcursed masses
  2 jellies
  A gnoll bouda (D:9)
  2 iguanas
  6 orc wizards
  3 spriggan simulacra (IceCv)
  A polar bear simulacrum (IceCv)
  A troll simulacrum (IceCv)
  2 wolf simulacra (IceCv)
  2 mummies (Ossuary)
  23 gnolls
  20 adders
  A naga simulacrum (IceCv)
  3 white imps (IceCv)
  3 ufetubi
  4 adder zombies (Ossuary)
  3 worms
  16 orcs
  8 bats
  4 endoplasms
  9 giant cockroaches
  3 gnoll zombies (Ossuary)
  16 goblins
  14 hobgoblins
  8 jackals
  26 kobolds
  8 quokkas
  6 ball pythons
  8 frilled lizards
  3 hobgoblin zombies (Ossuary)
  6 kobold zombies (Ossuary)
  An orc zombie (Ossuary)
  8 rats
639 creatures vanquished.

Vanquished Creatures (collateral kills)
  Boris (Vaults:2)
  Saint Roka (Snake:4)
  Bai Suzhen (Swamp:4)
  Asterion (Snake:2)
  A tengu reaver (Vaults:3)
  A thorn hunter (Swamp:4)
  Agnes (Snake:4)
  4 nagarajas (Snake:4)
  A frost giant (D:15)
  2 vault wardens
  An orc warlord (Vaults:1)
  Louise (Swamp:2)
  2 very ugly things (Vaults:2)
  A war gargoyle (Vaults:3)
  A stone giant (Vaults:1)
  8 ironbound preservers
  3 ironbound thunderhulks
  4 eleionomae
  2 dire elephants (Vaults:2)
  Snorg (D:11)
  4 bunyips
  3 crystal guardians
  A deep elf high priest (Vaults:3)
  The ghost of Zaegoraum the Carver, a journeyman DsAK of Lugonu (Lair:4)
  2 yaktaur captains (Vaults:2)
  2 catoblepae
  5 boulder beetles
  2 peacekeepers
  An ogre mage (D:15)
  2 ghost crabs
  An alligator (Swamp:4)
  3 salamander tyrants
  18 hydras
  3 anacondas
  4 great orbs of eyes
  6 naga warriors
  3 ironbound frosthearts
  3 centaur warriors
  A merfolk avatar (Lair:5)
  3 tengu warriors
  9 death yaks
  11 two-headed ogres
  A thrashing horror (Vaults:2)
  7 naga sharpshooters
  5 shock serpents
  Lodul (D:14)
  6 salamander mystics
  A sea snake (Lair:5)
  2 goliath frogs
  3 spriggan druids
  10 swamp dragons
  3 naga ritualists
  23 deep trolls
  3 bog bodies
  2 phantasmal warriors
  2 wizards
  4 lindwurms
  6 ironbound convokers
  3 mana vipers
  3 orc knights
  A harpy (Lair:5)
  5 manticores
  5 will-o-the-wisps
  A salamander (shapeshifter) (D:15)
  13 ugly things
  2 cyclopes (D:13)
  35 salamanders
  8 elephants
  2 guardian serpents
  20 black mambas
  5 vault sentinels
  8 naga magi
  A rime drake (shapeshifter) (D:13)
  A rime drake (Lair:5)
  2 unseen horrors
  9 yaktaurs
  4 cane toads
  6 komodo dragons
  A yaktaur (shapeshifter) (D:15)
  A tengu conjurer (D:14)
  4 trolls
  3 tyrant leeches
  An ancient zyme (Vaults:2)
  A polar bear (Lair:3)
  3 meliai (D:15)
  A meliai (shapeshifter) (D:13)
  2 snapping turtles (Lair:5)
  14 slime creatures
  7 blink frogs
  5 hornets
  A blink frog (shapeshifter) (D:15)
  4 spriggans
  3 wraiths
  2 wyverns
  31 yaks
  A yak (shapeshifter) (D:13)
  2 steam dragons
  A basilisk (Lair:3)
  13 vampire mosquitoes
  Menkaure (D:7)
  A death yak simulacrum (IceCv)
  4 swamp worms
  3 wargs
  31 nagas
  An acid dragon (D:13)
  12 water moccasins
  Duvessa (D:7)
  5 orc warriors
  4 swamp drakes (Swamp:4)
  4 black bears (Lair:2)
  A sky beast (D:8)
  9 wolves
  10 ogres
  2 centaurs
  A kobold brigand (D:11)
  4 bullfrogs
  6 gnoll sergeants
  11 killer bees
  A vampire bat (D:9)
  An electric eel (Lair:5)
  3 lava snakes (Snake:4)
  3 hounds (D:9)
  4 orc priests
  2 gnoll boudas (D:9)
  3 orc wizards
  12 gnolls
  3 adders (Lair:2)
  5 orcs
  4 goblins
  4 hobgoblins
  2 jackals (D:9)
  4 kobolds
  3 bats (D:9)
605 creatures vanquished.

Vanquished Creatures (others)
  An orc warlord (Snake:3)
  5 orc knights
  A wizard (Vaults:2)
  27 orc warriors
  A yaktaur (Vaults:2)
  2 bloated husks (Swamp:1)
  A swamp worm (Swamp:1)
  14 orc priests
  8 orc wizards
  54 orcs
  2 kobolds (D:4)
  14 foxfires
  41 fungi
  A lurking horror (Abyss:4)
  112 plants
284 creatures vanquished.

Grand Total: 1528 creatures vanquished

Notes
Turn   | Place    | Note
-------+----------+-------------------------------------------
     0 | D:1      | ragingrage the Hill Orc Monk began the quest for the Orb.
     0 | D:1      | Reached XP level 1. HP: 19/19 MP: 1/1
   226 | D:1      | Found Jiyc Saa's Armour Shop.
   279 | D:1      | Reached XP level 2. HP: 24/26 MP: 0/2
   494 | D:1      | Reached skill level 5 in Axes
   609 | D:1      | Found a faded altar of an unknown god.
  1137 | D:1      | Reached XP level 3. HP: 31/31 MP: 3/3
  1727 | D:2      | Reached XP level 4. HP: 34/39 MP: 4/4
  2695 | D:3      | Found a glowing drain.
  2755 | D:3      | Reached XP level 5. HP: 12/45 MP: 2/5
  2805 | Sewer    | Entered a sewer
  3961 | Sewer    | Reached XP level 6. HP: 40/51 MP: 6/6
  4315 | D:3      | Identified the +0 helmet of the Jolly Nightingales {rF-
                  | Str+6 Int+4}
  4704 | D:1      | Bought a +2 chain mail of willpower for 236 gold pieces
  4991 | D:4      | Reached skill level 1 in Armour
  5108 | D:4      | Became a worshipper of Beogh the Brigand
  5108 | D:4      | Reached * piety under Beogh
  5108 | D:4      | Reached ** piety under Beogh
  5199 | D:4      | Reached XP level 7. HP: 31/59 MP: 3/7
  5627 | D:4      | Identified the +0 leather armour "Dadaimm" {rElec rC- Int+4
                  | SInv}
  5924 | D:5      | Entered Level 5 of the Dungeon
  6114 | D:5      | Found a staircase to the Ecumenical Temple.
  6185 | D:5      | Found a sand-covered staircase.
  6190 | Ossuary  | Entered an ossuary
  6255 | Ossuary  | Reached skill level 10 in Axes
  6430 | Ossuary  | Reached skill level 5 in Fighting
  6480 | Ossuary  | Reached XP level 8. HP: 68/69 MP: 8/8
  6815 | D:5      | Found a broken altar of Ashenzari.
  6943 | D:5      | Found a white marble altar of Elyvilon.
  6946 | D:5      | Found an iron altar of Okawaru.
  6949 | D:5      | Found a glowing silver altar of Zin.
  7320 | D:7      | Noticed Duvessa
  7683 | D:6      | Reached *** piety under Beogh
  7822 | D:6      | Noticed Sigmund
  7831 | D:6      | Killed Sigmund
  8013 | D:6      | Reached skill level 5 in Armour
  8286 | D:6      | Noticed Pikel
  8322 | D:6      | Killed Pikel
  8323 | D:6      | Reached XP level 9. HP: 55/75 MP: 9/9
  8794 | D:6      | Found Laifor's Distillery.
  8805 | D:6      | Bought a potion of heal wounds for 60 gold pieces
  8805 | D:6      | Bought a potion of lignification for 36 gold pieces
  8950 | D:7      | Found a runed translucent door.
  8951 | D:7      | Noticed Crazy Yiuf
  9021 | D:7      | Noticed Menkaure
  9801 | D:7      | Reached skill level 1 in Invocations
 10079 | D:7      | Reached skill level 2 in Invocations
 10088 | D:7      | Noticed Dowan
 10095 | D:7      | Killed Duvessa
 10101 | D:7      | Killed Dowan
 10112 | D:7      | Killed Menkaure
 10114 | D:7      | Reached skill level 3 in Invocations
 10563 | D:7      | Reached skill level 4 in Invocations
 10563 | D:7      | Reached XP level 10. HP: 79/83 MP: 13/13
 11233 | D:8      | Reached skill level 5 in Invocations
 11638 | D:8      | Noticed Psyche
 11662 | D:8      | Killed Psyche
 11751 | D:8      | Noticed Maurice
 11781 | D:8      | Killed Maurice
 11782 | D:8      | Reached skill level 6 in Invocations
 12442 | D:9      | Reached **** piety under Beogh
 12445 | D:9      | Reached skill level 7 in Invocations
 12876 | D:9      | Reached skill level 10 in Armour
 12893 | D:9      | Reached skill level 8 in Invocations
 12904 | D:9      | Paralysed by a hornet for 3 turns
 12939 | D:9      | Reached XP level 11. HP: 63/89 MP: 17/17
 13523 | D:9      | Reached skill level 15 in Axes
 13570 | D:9      | Gained Worak as an ally
 13574 | D:9      | Reached ***** piety under Beogh
 13711 | D:9      | Reached skill level 9 in Invocations
 13916 | D:10     | Entered Level 10 of the Dungeon
 13928 | D:10     | Noticed a manticore
 13938 | D:10     | Killed a manticore
 13977 | D:10     | Your ally Worak died
 14124 | D:10     | Found a flagged portal.
 14138 | Bailey   | Entered a bailey
 14701 | Bailey   | Noticed an orc warlord
 14708 | Bailey   | Noticed an orc knight
 14729 | Bailey   | Killed an orc warlord
 14756 | Bailey   | Identified the ring "Plog" {Ice Dex+5 SInv}
 15075 | D:10     | Noticed Joseph
 15094 | D:10     | Killed Joseph
 15422 | D:10     | Noticed a two-headed ogre
 15430 | D:10     | Killed a two-headed ogre
 15557 | D:10     | Found a staircase to the Lair.
 15695 | D:11     | Reached skill level 10 in Invocations
 15770 | D:11     | Noticed Snorg
 15785 | D:11     | Killed Snorg
 16201 | D:11     | Noticed a two-headed ogre
 16209 | D:11     | Killed a two-headed ogre
 16210 | D:11     | Reached XP level 12. HP: 51/101 MP: 14/20
 16498 | D:11     | Noticed a sun demon
 16554 | D:11     | Found a staircase to the Orcish Mines.
 16560 | D:11     | Reached skill level 11 in Invocations
 16564 | D:11     | Gained Bogfrid as an ally
 16958 | D:11     | Gained Gorm as an ally
 16971 | D:11     | You fall into a shaft and drop 3 floors!
 17288 | D:13     | Noticed a centaur warrior
 17290 | D:13     | Your ally Bogfrid died
 17296 | D:13     | Killed a centaur warrior
 17326 | D:13     | Your ally Gorm died
 17338 | D:13     | Gained Zartorak as an ally
 17407 | D:13     | Reached ****** piety under Beogh
 17614 | D:13     | Found a bloodstained altar of Trog.
 17726 | D:13     | Found a gate to the Vaults.
 17730 | D:13     | Reached skill level 12 in Invocations
 18110 | D:13     | Killed a centaur warrior
 18111 | D:13     | Reached skill level 10 in Fighting
 18780 | D:12     | Reached XP level 13. HP: 103/117 MP: 22/22
 18849 | D:11     | Found the +3 pair of seven-league boots {Rampage+∞}
 19143 | Lair:1   | Entered Level 1 of the Lair of Beasts
 19328 | Lair:1   | Gained Herok as an ally
 20391 | Lair:1   | Identified the +5 trident "Gram" {vamp, rF+++ Str-4 Int+3
                  | Dex-3}
 20537 | Lair:1   | Found a runed translucent door.
 20540 | Lair:1   | Noticed mdonais's ghost (journeyman OpCA)
 20541 | Lair:1   | Identified the +6 trident "Anefy" {protect, rC- Dex+6}
 20964 | Lair:2   | Found a staircase to the Swamp.
 21076 | Lair:2   | Found a staircase to the Snake Pit.
 21405 | Lair:2   | Reached skill level 15 in Fighting
 21621 | Lair:2   | Reached skill level 1 in Evocations
 22540 | Lair:3   | Reached skill level 5 in Dodging
 22540 | Lair:3   | Reached XP level 14. HP: 118/135 MP: 23/23
 23072 | Lair:3   | Reached skill level 13 in Invocations
 23830 | Lair:4   | Found a runed translucent gate.
 23830 | Lair:4   | Found a runed translucent gate.
 23830 | Lair:4   | Found a runed translucent gate.
 23832 | Lair:4   | Identified a scroll of acquirement
 23833 | Lair:4   | Acquired the ring of Uzunyff {rElec rPois rF+ Int+5 Slay-2}
 23841 | Lair:4   | Identified the +9 mace "Hill Orc's Foe" {freeze, rPois rF-
                  | Str+4}
 24068 | Lair:4   | Gained Argrim as an ally
 24505 | Lair:4   | Noticed Zaegoraum's ghost (journeyman DsAK)
 24626 | Lair:4   | Killed Zaegoraum's ghost
 24662 | Lair:5   | Entered Level 5 of the Lair of Beasts
 24662 | Lair:5   | Found a staircase to the Slime Pits.
 24662 | Lair:5   | Found a viscous altar of Jiyva.
 24972 | Lair:5   | Reached skill level 5 in Evocations
 24981 | Lair:5   | Found the ring of the Octopus King
 24985 | Lair:5   | Identified a ring of the Octopus King {Fly HP+2 AC+2 EV+2
                  | SH+2}
 25338 | Lair:5   | Gained Wargrak as an ally
 25339 | Lair:5   | Reached skill level 14 in Invocations
 26123 | D:12     | Identified the +0 long sword "Juqecek" {venom, rF+ Str+5}
 26707 | D:14     | Identified the +1 broad axe "Vyfucu" {speed, rElec}
 26856 | D:14     | Reached skill level 1 in Shields
 27176 | D:14     | Noticed Lodul
 27187 | D:14     | Killed Lodul
 27365 | D:15     | Entered Level 15 of the Dungeon
 27380 | D:15     | Reached XP level 15. HP: 98/141 MP: 16/25
 27495 | D:15     | Reached skill level 5 in Shields
 27495 | D:15     | Reached skill level 15 in Invocations
 27495 | D:15     | Reached XP level 16. HP: 66/149 MP: 19/27
 27637 | D:15     | Found a gate leading to a gauntlet.
 27804 | Gauntlet | Entered a Gauntlet
 27804 | Gauntlet | Found a transporter.
 27804 | Gauntlet | Found a transporter.
 27852 | Gauntlet | Found a transporter.
 27971 | Gauntlet | Found a transporter.
 27974 | Gauntlet | Found a transporter.
 27982 | Gauntlet | Found a transporter.
 27985 | Gauntlet | Found a transporter.
 27991 | Gauntlet | Found a runed translucent gate.
 27991 | Gauntlet | Found a runed translucent gate.
 27992 | Gauntlet | Found a runed translucent gate.
 27993 | Gauntlet | Found a transporter.
 28013 | Gauntlet | Found a transporter.
 28031 | Gauntlet | Found a transporter.
 28035 | Gauntlet | Found a transporter.
 28047 | Gauntlet | Found a transporter.
 28230 | Gauntlet | Identified the +6 rapier "Huphioklun" {elec, Dex+4}
 28394 | Gauntlet | Identified the +8 great mace of Unabb {vamp, rC+ Dex+3}
 28465 | Gauntlet | Identified the ring "Leor" {Fire Contam rN++}
 28519 | Gauntlet | Identified the +3 leather armour of Ussafuad {rPois Dex+2
                  | SInv}
 28808 | D:15     | Found a staircase to the Depths.
 28821 | D:15     | Reached skill level 16 in Invocations
 29218 | D:15     | Found a glowing golden altar of the Shining One.
 29531 | Snake:1  | Entered Level 1 of the Snake Pit
 30608 | Snake:1  | Your ally Argrim died
 30608 | Snake:1  | HP: 7/151 [salamander tyrant/flame surge (23)]
 31002 | Snake:1  | Found a runed translucent gate.
 31002 | Snake:1  | Found a runed translucent gate.
 31007 | Snake:1  | Found a runed translucent gate.
 31504 | Snake:2  | Noticed Vashnia
 31509 | Snake:2  | Killed Vashnia
 32556 | Snake:2  | Noticed Asterion
 32561 | Snake:2  | Killed Asterion
 32824 | Snake:2  | Reached skill level 17 in Invocations
 33600 | Orc:1    | Entered Level 1 of the Orcish Mines
 34265 | Snake:2  | Reached skill level 10 in Evocations
 34618 | Snake:3  | Reached XP level 17. HP: 84/156 MP: 8/29
 34793 | Snake:3  | Gained Arbolt as an ally
 34936 | Snake:3  | Reached skill level 10 in Shields
 35085 | Snake:3  | Identified the +2 leather armour of Sif Muna's Supremacy
                  | {Int+4}
 35299 | Snake:3  | Identified the +0 chain mail "Binacot" {Fly rF+ Regen+}
 35360 | Snake:3  | Your ally Zartorak died
 35683 | Snake:4  | Entered Level 4 of the Snake Pit
 35686 | Snake:4  | Noticed Agnes
 35692 | Snake:4  | Killed Agnes
 35715 | Snake:4  | Noticed Saint Roka
 36074 | Snake:4  | Killed Saint Roka
 36099 | Snake:4  | Identified the +8 war axe "Spider's Nightmare" {chaos,
                  | rElec Will- Str-2 Stlth+}
 36419 | Snake:4  | Gained Wulfoc as an ally
 37661 | Snake:4  | Got a serpentine rune of Zot
 37963 | Swamp:1  | Entered Level 1 of the Swamp
 38808 | Swamp:2  | Noticed Louise
 38813 | Swamp:2  | Killed Louise
 39056 | Swamp:2  | Noticed Nikola
 39065 | Swamp:2  | Killed Nikola
 39449 | Swamp:3  | Reached XP level 18. HP: 157/166 MP: 26/30
 39687 | Swamp:3  | Identified the +1 plate armour of Hofugawile {rElec rF+ rC+
                  | Will-}
 40345 | Swamp:4  | Entered Level 4 of the Swamp
 41102 | Swamp:4  | Noticed Bai Suzhen
 41119 | Swamp:4  | Killed Bai Suzhen
 41139 | Swamp:4  | Reached skill level 18 in Invocations
 41672 | Swamp:4  | Reached skill level 5 in Stealth
 41763 | Swamp:4  | Got a decaying rune of Zot
 42197 | Vaults:1 | Entered Level 1 of the Vaults
 42197 | Vaults:1 | Noticed Zenata
 42200 | Vaults:1 | Banished Zenata
 42738 | Vaults:1 | Found a portal to a secret trove of treasure.
 42956 | Vaults:1 | Paralysed by a great orb of eyes for 2 turns
 43016 | Vaults:1 | Paralysed by an ogre mage for 4 turns
 44039 | Abyss:2  | Cast into level 2 of the Abyss (a wizard)
 44145 | Abyss:3  | Found a corrupted altar of Lugonu.
 44289 | Abyss:3  | Paralysed by accursed screaming for 1 turns
 44511 | Vaults:2 | Escaped the Abyss
 44520 | Vaults:2 | Reached XP level 19. HP: 117/174 MP: 26/32
 45508 | Vaults:2 | Noticed Boris
 45510 | Vaults:2 | Killed Boris
 45603 | Vaults:2 | Reached skill level 19 in Invocations
 46510 | Orc:2    | Entered Level 2 of the Orcish Mines
 46571 | Orc:2    | Found a frozen archway.
 46577 | IceCv    | Entered an ice cave
 46828 | IceCv    | Gained Harm as an ally
 46970 | IceCv    | Your ally Harm died
 47748 | Abyss:4  | Found a corrupted altar of Lugonu.
 47748 | Abyss:4  | Cast into level 4 of the Abyss (a wizard)
 47788 | Abyss:4  | Killed Zenata
 47834 | Abyss:4  | Killed from afar by a wretched star

Illustrated notes

Levels and vault maps discovered:
D:1:      minmay_arrival_three_doors, layout_basic, serial_shops, shop,
          dreamdust_ecumenical_altar_angels_and_demons, minmay_misc_feat_hallway
D:2:      layout_basic, hex_large
D:3:      layout_loops_ring, cheibrodos_sewer_entry_drain
D:4:      layout_loops_ring
D:5:      layout_basic, grunt_temple_overflow_cloverleaf,
          minmay_temple_entry_mist, enter_ossuary_2
D:6:      layout_loops_corners, serial_shops, kennysheep_mini_moat,
          grunt_decor_one_mirror, uniq_sigmund, uniq_pikel
D:7:      layout_basic, minmay_misc_feat_four_crosses,
          hangedman_abyss_or_decor_jellyfish_corner, uniq_menkaure,
          uniq_crazy_yiuf_cottage, uniq_duvessa
D:8:      layout_gridville, uniq_psyche, uniq_maurice
D:9:      layout_cave_pools, serial_gnoll_camp, gnoll_camp_medium_02,
          gnoll_camp_huts_basic, gnoll_camp_mini_hut, gnoll_camp_mini_sergeant,
          gnoll_camp_mini_basic, gnoll_camp_mini_doghouse, roderic_batcave,
          hangedman_decor_riveting
D:10:     layout_cave_pools, david_lair_shrubbed, enter_bailey_4, uniq_joseph
D:11:     layout_rooms, kennysheep_orc_monster_closet_entryway,
          hellmonk_guarded_unrand_seven_league_boots, uniq_snorg
D:12:     layout_basic
D:13:     layout_long_grid, david_vaults_2, trog_hazing_becter
D:14:     layout_roguey, minmay_misc_feat_five, serial_glass, glass_columns_b,
          glass_columns_a, feat_on_display, item_on_display_a, uniq_lodul
D:15:     grunt_enter_depths_snipers, layout_rooms, gauntlet_entry_generic,
          tso_metal_star
Lair:1:   layout_layer_cave, ebering_ghost_funeral_grove, lemuel_fruit_tree
Lair:2:   minmay_lair_venomous_thicket, layout_regular_city, swamp_mist,
          minmay_snake_entry_guardpost_small, beast_lair_carwin_7
Lair:3:   layout_layer_cave, grunt_megastairs_2
Lair:4:   layout_hall_layers, ebering_ghost_rock_garden, nicolae_lair_lindhole,
          infiniplex_staircase_pool_2
Lair:5:   gammafunk_lair_ancient_temple, layout_cave_shapes, slime_entry_1,
          serial_bayou_shore_a, serial_bayou_shore_b
Swamp:1:  layout_basic_swamp, nicolae_swamp_tree_isthmus,
          infiniplex_staircase_pool
Swamp:2:  layout_falls_marsh, nicolae_swamp_fairy_circle, uniq_nikola,
          uniq_louise
Swamp:3:  layout_basic_swamp, evilmike_swamp_ruin_house_1, swamp_pool2,
          nicolae_swamp_some_circles
Swamp:4:  swamp, layout_basic_swamp, uniq_bai_suzhen
Snake:1:  cheibrodos_snake_lava_hold, layout_chambers, nicolae_snake_horde_hoard
Snake:2:  layout_chambers, uniq_asterion, uniq_vashnia
Snake:3:  layout_onion_interference, corexii_hall_statues_deadend,
          statue_in_the_mist_lemuel
Snake:4:  minmay_snake_end_coiled, layout_layer_cave,
          nicolae_snake_salamander_zone, uniq_agnes, uniq_saint_roka
Orc:1:    layout_caves
Orc:2:    st_orc_town, layout_caves, serial_shops, shop,
          portal_ice_cave_entry_pillars_2
Vaults:1: hangedman_vaults_unwind, v_misc_26, nicolae_vaults_angled_halls,
          v_rooms_3, nicolae_vaults_network_barrier,
          nicolae_vaults_halls_meeting, vaults_room_pool, v_misc_30,
          vaults_mumra_chevron, hangedman_vaults_cutoff,
          nicolae_vaults_gold_heap, layout_vaults_ring, serial_shops,
          nicolae_trove_entry_crossroad, uniq_zenata
Vaults:2: ontoclasm_vaults_ring_large, nicolae_vaults_little_squares_1,
          v_misc_26, v_misc_1, nicolae_vaults_windows_and_doors_thing, v_misc_2,
          ontoclasm_vaults_ring_small, ontoclasm_vaults_shuriken,
          nicolae_vaults_ninety_degrees, nicolae_vaults_hallways_thing,
          vaults_room_stairs_pillars, v_alt_pattern_1, layout_vaults_omnibox,
          uniq_boris
Vaults:3: v_misc_8, vaults_room_hallway, grunt_vaults_focal, v_misc_22,
          ontoclasm_vaults_idyll, minmay_crypt_entry_nasty_monster,
          nicolae_vaults_specimen_jars, layout_vaults_omnigrid
Abyss:4:  base: D:15, hangedman_abyss_feature_spike, evilmike_abyss_exit_kraken,
          nicolae_abyss_rune_star_stuff, spicy_abyss_pitcher_plant,
          serial_sigils_hangedman_shear, bh_abyss_exit_spiral, base: Temple,
          serial_sigils_hangedman_shear, minivault_23,
          serial_sigils_hangedman_shear

Skill      XL: |  1  2  3  4  5  6  7  8  9 10 11 12 13 14 15 16 17 18 19 |
---------------+----------------------------------------------------------+-----
Axes           | 5 6 7 8 9 10 12 13 14 16 18 | 18.0
Armour         | 1 3 6 8 10 12 13 14 | 14.5
Fighting       | 4 5 6 7 11 15 16 17 | 17.3
Invocations    | 4 8 10 12 14 15 17 18 19 | 19.4
Dodging        | 4 5 6 7 9 |  9.7
Evocations     | 3 6 7 10 11 | 11.0
Shields        | 2 5 9 11 13 | 13.7
Stealth        | 3 7 9 |  9.1

Action                   |  1- 3 |  4- 6 |  7- 9 | 10-12 | 13-15 | 16-18 | 19-21 || total
-------------------------+-------+-------+-------+-------+-------+-------+-------++-------
Melee: Hand axe          |   116 |    34 |   218 |       |       |       |       ||   368
       Dagger            |       |   181 |   241 |    79 |       |       |       ||   501
       Punch             |       |     4 |     8 |    11 |    11 |       |       ||    34
       War axe           |       |       |    13 |   383 |       |       |       ||   396
       Trident           |       |       |       |    35 |     8 |    24 |       ||    67
       Broad axe         |       |       |       |    38 |   466 |   802 |   273 ||  1579
Throw: Dart              |       |     2 |     3 |    12 |     2 |     4 |     3 ||    26
       Throwing net      |       |       |       |     3 |       |     1 |       ||     4
Invok: Convert to Beogh  |       |     1 |       |       |       |       |       ||     1
       Smiting           |       |       |     1 |     1 |     2 |    20 |     3 ||    27
       Recall Orcish Fol |       |       |       |     8 |     8 |    49 |     9 ||    74
       Give Item to Name |       |       |       |     1 |     3 |     2 |       ||     6
       Resurrection      |       |       |       |       |       |     1 |       ||     1
Evoke: Wand              |       |       |    11 |    10 |     2 |     4 |     3 ||    30
       Condenser vane    |       |       |       |     1 |     1 |     6 |       ||     8
  Use: Potion            |       |     1 |     2 |     2 |     1 |     8 |     1 ||    15
       Scroll            |       |       |    19 |     7 |     6 |     8 |     1 ||    41
 Stab: Sleeping          |     5 |     8 |       |       |       |       |       ||    13
       Distracted        |       |       |       |     3 |     3 |    10 |     5 ||    21
       Held in net/web   |       |       |       |       |       |     1 |       ||     1
       Confused          |       |       |       |       |       |       |     1 ||     1
Armor: Robe              |    31 |    36 |       |       |       |       |       ||    67
       Chain mail        |       |    20 |   269 |   327 |   213 |   223 |       ||  1052
       Skin              |       |       |    16 |       |       |       |       ||    16
       Plate armour      |       |       |       |       |       |   169 |   113 ||   282
Dodge: Dodged            |    81 |   141 |   153 |   227 |   182 |   323 |    77 ||  1184
Block: Kite shield       |       |       |       |       |    37 |   303 |       ||   340
       Other             |       |       |       |       |     3 |       |       ||     3
       Tower shield      |       |       |       |       |       |   461 |   273 ||   734
